 Dungeon Crawl Stone Soup version 0.31-a0-851-g7ff8af7976 (webtiles) character file.

Game seed: 11949967414372898213

2230 croobank the Covert (level 9, -1/74 HPs)
             Began as a Gnoll Delver on Oct 5, 2023.
             Succumbed to a killer bee's poison
             ... on level 7 of the Dungeon.
             The game lasted 00:29:40 (7465 turns).

croobank the Covert (Gnoll Delver)                  Turns: 7465, Time: 00:29:41

Health: -1/74      AC: 17    Str: 11    XL:     9   Next: 36%
Magic:  15/15      EV: 10    Int: 15    God:
Gold:   282        SH:  0    Dex: 13    Spells: 16/16 levels left

rFire   + + .        a - +0 short sword (spect)
rCold   x . .        (no shield)
rNeg    . . .        d - +0 fire dragon scales
rPois   .            u - +0 helmet
rElec   .            (no cloak)
rCorr   .            E - +0 pair of gloves
SInv    .            z - +0 pair of boots
Will    .....        j - amulet of guardian spirit
Stlth   +++          h - +4 ring of protection
HPRegen 0.32/turn    (no ring)
MPRegen 0.14/turn

%: guardian spirit
@: lethally poisoned (-1 -> -9), about to teleport
A: fangs 1, strong nose, distributed training
a: no special abilities


You were on level 7 of the Dungeon.
You visited 1 branch of the dungeon, and saw 8 of its levels.

You collected 282 gold pieces.

Inventory:

Hand Weapons
 a - a +0 spectral short sword (weapon)
 k - a +1 whip of flaming
 l - a +0 trident
 r - a +3 flail
 v - a +0 long sword
 w - a +4 dagger
 C - a +2 hand axe of venom
 F - a +3 short sword
Missiles
 D - 4 curare-tipped darts
 G - 3 boomerangs
Armour
 b - a +0 leather armour
 d - +0 fire dragon scales (worn)
 i - a +0 ring mail
 m - a +0 robe of willpower
 u - a +0 helmet (worn)
 z - a +0 pair of boots (worn)
 E - a +0 pair of gloves (worn)
Jewellery
 h - a +4 ring of protection (left hand)
 j - an amulet of guardian spirit (around neck)
Talismans
 B - a blade talisman
Wands
 g - a wand of digging (1)
 t - a wand of polymorph (14)
 x - a wand of flame (15) (quivered)
Scrolls
 f - a scroll of revelation
 s - a scroll of identify
 y - a scroll of poison
Potions
 c - a potion of attraction
 n - a potion of magic
 o - 2 potions of invisibility
 q - 2 potions of enlightenment


   Skills:
 + Level 7.9 Fighting
 + Level 6.3 Short Blades
 + Level 4.2 Long Blades
 + Level 4.2 Axes
 + Level 4.2 Maces & Flails
 + Level 4.2 Polearms
 + Level 4.2 Staves
 + Level 4.2 Ranged Weapons
 + Level 4.2 Throwing
 + Level 4.2 Armour
 + Level 6.3 Dodging
 + Level 10.5 Stealth
 + Level 4.2 Shields
 + Level 4.2 Unarmed Combat
 + Level 4.2 Spellcasting
 + Level 3.5 Conjurations
 + Level 3.5 Hexes
 + Level 3.5 Summonings
 + Level 3.5 Necromancy
 + Level 3.5 Translocations
 + Level 3.5 Transmutations
 + Level 3.5 Fire Magic
 + Level 3.5 Ice Magic
 + Level 3.5 Air Magic
 + Level 3.5 Earth Magic
 + Level 3.5 Poison Magic
 + Level 4.7 Invocations
 + Level 4.2 Evocations
 + Level 3.8 Shapeshifting


You had 16 spell levels left.
You didn't know any spells.
Your spell library contained the following spells:

 Spells                   Type           Power      Damage    Failure   Level
 Apportation              Tloc           26%        N/A       32%         1
 Jinxbite                 Hex            26%        N/A       43%         2
 Tukima's Dance           Hex            13%        N/A       67%         3
 Passage of Golubria      Tloc           13%        N/A       97%         4
 Alistair's Intoxication  Tmut/Pois      8%         N/A       100%        5
 Yara's Violent Unravell  Hex/Tmut       6%         3d5       100%        5


Dungeon Overview and Level Annotations

Branches:
Dungeon (8/15)
 Temple: D:4-7         Lair: D:8-11

Altars:
Vehumet
Yredelemnul

Shops:
D:2 [:   D:5 (


Innate Abilities, Weirdness & Mutations

You have very sharp teeth.
Your uncanny sense of smell can sniff out nearby items.
Your experience applies equally to all skills.


Message History

The killer bee is almost dead.
You feel sick. The killer bee stings you.
* * * LOW HITPOINT WARNING * * *
You are more poisoned.
The killer bee poisons you!
You miss the killer bee.
The killer bee is almost dead.
You feel sick. The killer bee stings you.
* * * LOW HITPOINT WARNING * * *
The killer bee stings you but does no damage.
You miss the killer bee.
The killer bee is almost dead.
You feel sick. The killer bee barely misses you.
You hit the killer bee but do no damage.
The killer bee is almost dead.
You feel sick.
The killer bee stings you but does no damage.
You hit the killer bee but do no damage.
Your bite misses the killer bee.
The killer bee is almost dead.
You feel sick. The killer bee stings you.
* * * LOW HITPOINT WARNING * * *
You are lethally poisoned!
The killer bee poisons you! The killer bee stings you.
* * * LOW HITPOINT WARNING * * *
Okay, then.
Okay, then.
Okay, then.
Okay, then.
Okay, then.
As you read the scroll of fear, it crumbles to dust.
You assume a fearsome visage.
The killer bee looks frightened! x2
* * * LOW HITPOINT WARNING * * *
You feel very sick. Magic courses through your body.
* * * LOW HITPOINT WARNING * * *
You feel very sick.
As you read the scroll of teleportation, it crumbles to dust.
You feel strangely unstable.
You die...

###
##############
..####
#........@.†.#
......
..##########y#
..#### #.# ..#
#y# ..# #.#
..# #.# ..#
#.# ### #.# #
..#


You could see a killer bee (fleeing).

Vanquished Creatures
  Pikel (D:5)
  A steam dragon (D:8)
  Menkaure (D:4)
  2 water moccasins
  Duvessa (D:4)
  An ogre (D:5)
  A lemure (D:5)
  A phantom (D:6)
  A bullfrog (D:6)
  2 wights
  6 killer bees (D:7)
  Dowan (D:4)
  A hound (D:6)
  A gnoll bouda (D:6)
  2 orc priests
  2 jellies
  Jessica (D:3)
  Natasha (D:4)
  3 iguanas
  An orc wizard (D:5)
  A statue (D:5)
  Robin (D:3)
  6 adders
  4 gnolls
  A shadow imp (D:7)
  A white imp (D:7)
  2 worms (D:2)
  3 dart slugs
  12 orcs
  2 endoplasms
  5 giant cockroaches
  15 goblins
  12 hobgoblins
  7 quokkas
  8 ball pythons
  3 bats
  4 frilled lizards
  8 kobolds
  2 rats
128 creatures vanquished.

Vanquished Creatures (others)
  A spectral weapon (D:7)
1 creature vanquished.

Grand Total: 129 creatures vanquished

Notes
Turn   | Place    | Note
-------+----------+-------------------------------------------
     0 | D:5      | Reached skill level 9 in Stealth
     0 | D:5      | croobank the Gnoll Delver began the quest for the Orb.
     0 | D:5      | Reached XP level 1. HP: 23/23 MP: 1/1
     6 | D:6      | Noticed a water moccasin
    52 | D:5      | Noticed a jelly
   239 | D:6      | Noticed a phantom
   264 | D:7      | Noticed a wight
   264 | D:7      | Noticed a wight
   264 | D:7      | Noticed a wight
   264 | D:7      | Noticed a wight
   264 | D:7      | Noticed a wight
   266 | D:7      | Noticed a killer bee
   268 | D:7      | Noticed a killer bee
   270 | D:7      | Noticed a killer bee
   270 | D:7      | Noticed a wyvern
   272 | D:7      | Noticed a killer bee
   304 | D:6      | Killed a phantom
   305 | D:6      | Reached skill level 1 in Long Blades
   305 | D:6      | Reached skill level 1 in Axes
   305 | D:6      | Reached skill level 1 in Maces & Flails
   305 | D:6      | Reached skill level 1 in Polearms
   305 | D:6      | Reached skill level 1 in Staves
   305 | D:6      | Reached skill level 1 in Ranged Weapons
   305 | D:6      | Reached skill level 1 in Throwing
   305 | D:6      | Reached skill level 1 in Armour
   305 | D:6      | Reached skill level 1 in Shields
   305 | D:6      | Reached skill level 1 in Unarmed Combat
   305 | D:6      | Reached skill level 1 in Spellcasting
   305 | D:6      | Reached skill level 1 in Invocations
   305 | D:6      | Reached skill level 1 in Evocations
   305 | D:6      | Reached skill level 1 in Shapeshifting
   305 | D:6      | Reached XP level 2. HP: 10/29 MP: 1/3
   305 | D:6      | Reached XP level 3. HP: 12/35 MP: 1/4
   305 | D:6      | Reached XP level 4. HP: 14/41 MP: 1/5
   457 | D:6      | Reached skill level 1 in Conjurations
   457 | D:6      | Reached skill level 1 in Hexes
   457 | D:6      | Reached skill level 1 in Summonings
   457 | D:6      | Reached skill level 1 in Necromancy
   457 | D:6      | Reached skill level 1 in Translocations
   457 | D:6      | Reached skill level 1 in Transmutations
   457 | D:6      | Reached skill level 1 in Fire Magic
   457 | D:6      | Reached skill level 1 in Ice Magic
   457 | D:6      | Reached skill level 1 in Air Magic
   457 | D:6      | Reached skill level 1 in Earth Magic
   457 | D:6      | Reached skill level 1 in Poison Magic
   499 | D:6      | Noticed a kobold brigand
   644 | D:5      | Found a radiant altar of Vehumet.
   644 | D:5      | Noticed a charred statue
   689 | D:5      | Killed a charred statue
   749 | D:4      | Noticed Pikel
   749 | D:4      | Noticed a lemure
   749 | D:4      | Noticed a lemure
   749 | D:4      | Noticed a lemure
   749 | D:4      | Noticed a lemure
   802 | D:5      | HP: 2/41 [lemure[Pikel] (3)]
   806 | D:5      | Killed a lemure
   962 | D:5      | Found Nothimuk's Antique Weapon Shop.
   979 | D:5      | Killed Pikel
   980 | D:5      | Reached skill level 5 in Short Blades
   980 | D:5      | Reached skill level 5 in Dodging
   980 | D:5      | Reached XP level 5. HP: 27/48 MP: 5/8
   980 | D:5      | Reached XP level 6. HP: 31/55 MP: 5/9
   980 | D:5      | Reached XP level 7. HP: 34/60 MP: 5/10
  1245 | D:4      | Noticed Duvessa
  1245 | D:4      | Noticed Dowan
  1245 | D:4      | Noticed Menkaure
  1267 | D:5      | Reached skill level 10 in Stealth
  1268 | D:5      | HP: 3/60 [poisoned by a kobold]
  1271 | D:5      | HP: 1/60 [poisoned by a kobold]
  2374 | D:2      | Found Zoarr's Antique Armour Boutique.
  2402 | D:2      | Found Umunuwiu's Book Emporium.
  2740 | D:2      | Found a basalt altar of Yredelemnul.
  4023 | D:3      | Noticed Robin
  4034 | D:3      | Noticed Jessica
  4088 | D:3      | Killed Jessica
  4089 | D:3      | Reached XP level 8. HP: 67/67 MP: 12/12
  4094 | D:3      | Killed Robin
  5209 | D:4      | Killed Duvessa
  5224 | D:4      | Killed Dowan
  5391 | D:4      | Killed Menkaure
  5592 | D:4      | Noticed Natasha
  5594 | D:4      | Killed Natasha
  6297 | D:6      | Reached XP level 9. HP: 48/73 MP: 14/14
  7463 | D:7      | HP: 3/74 [poisoned by a killer bee]
  7464 | D:7      | HP: 1/74 [poisoned by a killer bee]
  7465 | D:7      | Succumbed to a killer bee's poison

Illustrated notes

Levels and vault maps discovered:
D:1:      saegor_arrival_fortress, layout_basic, serial_glass, glass_columns_b,
          glass_columns_a
D:2:      layout_basic, basic_altar, serial_shops,
          nicolae_shop_tiny_real_fake_doors, shop
D:3:      layout_loops_cross, uniq_jessica, uniq_robin
D:4:      layout_loops_ring, serial_aquarium, aquarium_bridge_square
          [aquarium_subvault_window, aquarium_subvault_wall,
          aquarium_subvault_bridge, aquarium_subvault_bridge],
          aquarium_window_corridor_1, aquarium_window_1, aquarium_view_2b,
          aquarium_view_4, aquarium_balcony_1a, aquarium_pool_side, uniq_pikel,
          uniq_duvessa, uniq_natasha, uniq_menkaure
D:5:      layout_loops_ring, vehumet_statue, serial_shops, shop,
          serial_aquarium, aquarium_bridge_straight [aquarium_subvault_bridge,
          aquarium_subvault_wall, aquarium_subvault_bridge,
          aquarium_subvault_balcony], aquarium_bridge_long_joined
          [aquarium_subvault_wall, aquarium_subvault_window,
          aquarium_subvault_bridge, aquarium_subvault_wall,
          aquarium_subvault_bridge, aquarium_subvault_wall],
          aquarium_window_fake, aquarium_window_1, aquarium_window_2,
          aquarium_view_2c, aquarium_balcony_3b, nrook_mini_backslash
D:6:      layout_basic
D:7:      layout_loops_ring, minmay_temple_entry_large_hall,
          minmay_manual_mandibuliform
D:8:      layout_rooms, mainiacjoe_overflow_tiny_flanked,
          mainiacjoe_overflow_large_starburst

Skill      XL: |  1  2  3  4  5  6  7  8  9 |
---------------+----------------------------+-----
Stealth        | 10 | 10.5
Long Blades    | 1 2 3 4 |  4.2
Axes           | 1 2 3 4 |  4.2
Maces & Flails | 1 2 3 4 |  4.2
Polearms       | 1 2 3 4 |  4.2
Staves         | 1 2 3 4 |  4.2
Ranged Weapons | 1 2 3 4 |  4.2
Throwing       | 1 2 3 4 |  4.2
Armour         | 1 2 3 4 |  4.2
Shields        | 1 2 3 4 |  4.2
Unarmed Combat | 1 2 3 4 |  4.2
Spellcasting   | 1 2 3 4 |  4.2
Invocations    | 1 2 3 4 |  4.7
Evocations     | 1 2 3 4 |  4.2
Shapeshifting  | 1 2 3 |  3.8
Conjurations   | 2 3 |  3.5
Hexes          | 2 3 |  3.5
Summonings     | 2 3 |  3.5
Necromancy     | 2 3 |  3.5
Translocations | 2 3 |  3.5
Transmutations | 2 3 |  3.5
Fire Magic     | 2 3 |  3.5
Ice Magic      | 2 3 |  3.5
Air Magic      | 2 3 |  3.5
Earth Magic    | 2 3 |  3.5
Poison Magic   | 2 3 |  3.5
Fighting       | 7 |  7.9
Short Blades   | 5 6 |  6.3
Dodging        | 5 6 |  6.3

Action                     |  1- 3 |  4- 6 |  7- 9 || total
---------------------------+-------+-------+-------++-------
  Melee: Short sword       |    32 |    70 |   630 ||   732
         Bite              |     3 |    14 |    76 ||    93
         Punch             |       |       |    18 ||    18
         Trident           |       |       |    10 ||    10
  Throw: Dart              |       |       |     3 ||     3
  Evoke: Wand              |     1 |    15 |     7 ||    23
    Use: Scroll            |     1 |     2 |    13 ||    16
         Potion            |     1 |     2 |     7 ||    10
   Stab: Sleeping          |       |     2 |    18 ||    20
         Distracted        |       |       |     3 ||     3
 Armour: Leather armour    |    10 |       |       ||    10
         Fire dragon scale |       |    45 |   374 ||   419
         Skin              |       |       |    16 ||    16
  Dodge: Dodged            |    10 |    17 |   278 ||   305

Table legend: (Time is in decaauts)
 A = Elapsed time spent in this place.
 B = Non-inter-level travel time spent in this place.
 C = Inter-level travel time spent in this place.
 D = Time resting spent in this place.
 E = Time spent auto-exploring this place.
 F = Levels seen in this place.
 G = Mean time per level.
                   A        B        C        D        E       F      G
               +--------+--------+--------+--------+--------+-----+--------+
         Total |   7242 |   7034 |    208 |   1749 |   3475 |   8 |  905.2 |
       Dungeon |   7242 |   7034 |    208 |   1749 |   3475 |   8 |  905.2 |
               +--------+--------+--------+--------+--------+-----+--------+

Top non-repeatable levels by time:
     D:5: 1843 daAuts
     D:2: 1068 daAuts
     D:3: 1045 daAuts
     D:4: 949 daAuts
     D:6: 636 daAuts
     D:7: 615 daAuts
     D:1: 608 daAuts
     D:8: 475 daAuts
